[Event "Thursday 26 April Rapid Engine Tour 12+1 Rounds 9 Starts 1600ST"]
[Site "Infinity Chess"]
[Date "2018.4.26"]
[Round "5"]
[White "angriff"]
[Black "ludimilojko"]
[Result "1/2-1/2 "]
[ECO "E35"]
[WhiteElo "2395"]
[BlackElo "2267"]
[WhiteEngine "DracoREX 3.07 64BIT POPCNT_CTG"]
[BlackEngine "Raubfisch X38b_CTG"]
[EventType "Swiss"]
[WhiteTeam ""]
[BlackTeam ""]
[PlyCount "122"]
[TimeControl "720+1"]

1. d4 Nf6 2. c4 e6 3. Nc3 Bb4 4. Qc2 d5 5. cxd5 exd5 6. Bg5 c5 7. dxc5 h6 
8. Bh4 Be6 9. e3 O-O 10. Nf3 Nbd7 11. Bd3 Rc8 12. O-O Nxc5 13. Ne2 g5 
14. Bg3 Nfe4 15. a3 Nxd3 16. Qxd3 Bc5 17. Rad1 Re8 18. Be5 g4 19. Nfd4 Bd7 
20. Bg3 Qb6 21. Rfe1 Qxb2 22. Rb1 Qxa3 23. Qxa3 Bxa3 24. Rxb7 Be6 25. Rxa7 Bc5 
26. Ra2 Ra8 27. Rc2 Bf8 28. f3 Nxg3 29. hxg3 Bg7 30. Kf2 Ra3 31. Nf4 Ra4 
32. Nde2 Ra3 33. Rd2 Rb8 34. Red1 Rbb3 35. Nd4 Bxd4 36. Rxd4 Rb2+ 37. R1d2 Rxd2+ 
38. Rxd2 Ra5 39. Nd3 Kg7 40. Nf4 Kf6 41. Rc2 Ra3 42. fxg4 Kg5 43. Rd2 Ra5 
44. Nh3+ Kxg4 45. Rd4+ Kf5 46. Rh4 Ke5 47. Rh5+ Ke4 48. Rh4+ Ke5 49. Nf4 Bf5 
50. Rxh6 Ke4 51. Ne2 Ra2 52. Rh4+ Ke5 53. Rd4 Be4 54. Kf1 f6 55. g4 Ra1+ 
56. Kf2 Ra2 57. Kf1 Kd6 58. g3 Ra3 59. Kf2 Ra2 60. Ke1 Ra1+ 61. Kd2 Rh1 1/2-1/2

[Event "Thursday 26 April Rapid Engine Tour 12+1 Rounds 9 Starts 1600ST"]
[Site "Infinity Chess"]
[Date "2018.4.26"]
[Round "5"]
[White "MarioDeMonti"]
[Black "IronMan"]
[Result "1/2-1/2"]
[ECO "C55"]
[WhiteElo "2420"]
[BlackElo "2408"]
[WhiteEngine "stockfish_x64_bmi2_2018_02_18_CTG"]
[BlackEngine "Eman 170b23-EXP4"]
[EventType "Swiss"]
[WhiteTeam ""]
[BlackTeam ""]
[PlyCount "72"]
[TimeControl "720+1"]

1. e4 e5 2. Nf3 Nc6 3. Bc4 Nf6 4. d3 Bc5 5. c3 d6 6. O-O O-O 7. Bg5 h6 8. Bh4 g5 
9. Bg3 Na5 10. Bb5 a6 11. Ba4 Ba7 12. Nbd2 Nh5 13. b4 Nxg3 14. hxg3 Nc6 
15. Bxc6 bxc6 16. Nb3 Qe8 17. Rc1 f5 18. exf5 Bxf5 19. d4 e4 20. Re1 Qg6 
21. Nfd2 g4 22. Na5 d5 23. c4 Bd7 24. Ndb3 Qf6 25. Qd2 Bb6 26. Nc5 Bf5 
27. Qf4 Bxc5 28. dxc5 Rf7 29. cxd5 cxd5 30. Rcd1 d4 31. a4 Rb8 32. Nc4 Re7 
33. Nb6 Rd8 34. Nc4 Rb8 35. Nb6 Rd8 36. Nc4 Rb8 1/2-1/2

[Event "Thursday 26 April Rapid Engine Tour 12+1 Rounds 9 Starts 1600ST"]
[Site "Infinity Chess"]
[Date "2018.4.26"]
[Round "5"]
[White "NINJA_JENGKA"]
[Black "coreoptimist"]
[Result "1/2-1/2"]
[ECO "A06"]
[WhiteElo "2412"]
[BlackElo "2334"]
[WhiteEngine "Houdini 6"]
[BlackEngine "asmFishW_2018-04-11_bmi2_CTG"]
[EventType "Swiss"]
[WhiteTeam ""]
[BlackTeam ""]
[PlyCount "140"]
[TimeControl "720+1"]

1. Nf3 d5 2. d4 Nf6 3. c4 e6 4. Nc3 c6 5. e3 Nbd7 6. Qc2 Bd6 7. Bd3 O-O 
8. O-O dxc4 9. Bxc4 b5 10. Be2 Bb7 11. e4 e5 12. dxe5 Nxe5 13. Nh4 g6 
14. f4 Bc5+ 15. Kh1 Neg4 16. g3 b4 17. Nd1 Bd4 18. h3 Nh5 19. Kg2 Ngf6 
20. Bf3 c5 21. Ne3 a5 22. Kh2 a4 23. e5 Nd5 24. Nxd5 Bxd5 25. Qe2 Ng7 
26. Be3 Bxf3 27. Nxf3 Qd5 28. Bxd4 cxd4 29. Rfd1 Ne6 30. Ne1 Rab8 31. Qg2 Qa5 
32. Nd3 b3 33. a3 Rbc8 34. Rd2 Rc4 35. Re1 h5 36. Ree2 Rfc8 37. Rf2 Qa6 
38. Nb4 Qa8 39. Nd5 Rd8 40. Nf6+ Kg7 41. Ne4 Qc6 42. Nd6 Qxg2+ 43. Kxg2 Rc1 
44. Rf1 Rc5 45. Rff2 Rc1 46. f5 gxf5 47. Rxf5 Rd7 48. Kf2 Kg8 49. Ne4 Kh7 
50. Nd6 Rc2 51. Ke1 Rdc7 52. Rxf7+ Rxf7 53. Nxf7 d3 54. Nd6 Ng5 55. Kd1 Kg6 
56. h4 Nf3 57. Rxd3 Nxe5 58. Rd2 Rc5 59. Ne4 Rc7 60. Rd5 Nc4 61. Kc1 Nxa3+ 
62. Rc5 Nb5 63. Rxc7 Nxc7 64. Nc3 Kf5 65. Nxa4 Kg4 66. Nc5 Kxg3 67. Nxb3 Kxh4 
68. Kd2 Nb5 69. Ke3 Nd6 70. Kf4 Nc4 1/2-1/2

[Event "Thursday 26 April Rapid Engine Tour 12+1 Rounds 9 Starts 1600ST"]
[Site "Infinity Chess"]
[Date "2018.4.26"]
[Round "5"]
[White "star99"]
[Black "MedusaV2"]
[Result "1/2-1/2"]
[ECO "B23"]
[WhiteElo "2460"]
[BlackElo "2383"]
[WhiteEngine "Cryptic Heroes 9.4B"]
[BlackEngine "Eman 1.70-beta23 64-bit POPCNT"]
[EventType "Swiss"]
[WhiteTeam ""]
[BlackTeam ""]
[PlyCount "195"]
[TimeControl "720+1"]

1. e4 c5 2. Nc3 d6 3. Nf3 Nf6 4. d4 cxd4 5. Qxd4 Nc6 6. Qd3 a6 7. a3 g6 
8. h3 Bg7 9. Be2 Be6 10. O-O O-O 11. Rd1 Na5 12. Qd2 Rc8 13. Nd4 Bd7 14. Qe1 Re8 
15. a4 e6 16. Nf3 d5 17. e5 Ne4 18. Nxe4 dxe4 19. Ng5 Rxc2 20. Be3 Nc6 
21. Nxe4 Nxe5 22. b4 Rf8 23. Bf1 Qc7 24. Rdc1 b5 25. Bg5 Rxc1 26. Rxc1 Nc4 
27. Bf6 Bh6 28. axb5 axb5 29. Bxc4 bxc4 30. Be7 f5 31. Bxf8 Kxf8 32. Nc5 Bxc1 
33. Qxc1 Qd6 34. Qxc4 Qd1+ 35. Kh2 Qd6+ 36. g3 Ke8 37. Qc3 e5 38. Qc4 Kf8 
39. b5 Be8 40. Qb4 Kg8 41. b6 Bc6 42. Qc3 Kf7 43. h4 Ke7 44. Nd3 Bb7 
45. Qxe5+ Qxe5 46. Nxe5 Kd6 47. f4 Kc5 48. Nd7+ Kc6 49. Nf8 h5 50. Nxg6 Kxb6 
51. Kg1 Kc5 52. Ne7 Be4 53. Kf1 Kd6 54. Ng6 Kc5 55. Ke2 Kd4 56. Ne7 Bc2 
57. Kf2 Bd3 58. Nc6+ Ke4 59. Ne5 Bb5 60. Nf3 Bd7 61. Ke2 Be8 62. Nd2+ Kd5 
63. Ke3 Bb5 64. Kf2 Kd4 65. Nb3+ Kc4 66. Nd2+ Kd5 67. Nf3 Ba4 68. Ng5 Bd7 
69. Kg1 Ba4 70. Kg2 Bb3 71. Kh2 Bd1 72. Nf7 Bb3 73. Kg2 Bc2 74. Kf2 Ba4 
75. Ne5 Bc2 76. Nd7 Kd4 77. Nf6 Bd1 78. Ke1 Bf3 79. Kd2 Kc5 80. Kd3 Bd1 
81. Ne8 Bg4 82. Ke3 Bd1 83. Ng7 Bg4 84. Ne8 Bd1 85. Kd3 Bf3 86. Kc2 Be4+ 
87. Kc1 Bf3 88. Kc2 Be4+ 89. Kc1 Bd3 90. Kd2 Bb1 91. Nf6 Kd6 92. Nxh5 Ke6 
93. g4 fxg4 94. f5+ Ke5 95. Ng3 Bxf5 96. h5 Kf6 97. Ke3 Kg5 98. Nxf5 1/2-1/2

[Event "Thursday 26 April Rapid Engine Tour 12+1 Rounds 9 Starts 1600ST"]
[Site "Infinity Chess"]
[Date "2018.4.26"]
[Round "5"]
[White "Harry_Potter"]
[Black "SkyPilot"]
[Result "1-0"]
[ECO "C55"]
[WhiteElo "2494"]
[BlackElo "2449"]
[WhiteEngine "Stockfish_x64_bmi2_CTG"]
[BlackEngine "stockfish_x64_bmi2_2018_04_07_CTG"]
[EventType "Swiss"]
[WhiteTeam ""]
[BlackTeam ""]
[PlyCount "159"]
[TimeControl "720+1"]

1. e4 e5 2. Nf3 Nc6 3. Bc4 Nf6 4. d3 Bc5 5. c3 d6 6. O-O O-O 7. h3 a5 8. Bg5 h6 
9. Bh4 g5 10. Bg3 Nh5 11. d4 Nxg3 12. fxg3 Ba7 13. Kh2 g4 14. Nh4 exd4 
15. Nf5 Kh7 16. Qxg4 Qg5 17. Qe2 Rg8 18. g4 dxc3 19. Nxc3 Ne5 20. Kh1 c6 
21. Rad1 Bc5 22. b3 h5 23. Bxf7 Nxf7 24. e5 d5 25. e6 hxg4 26. exf7 Rf8 
27. Qc2 Qg6 28. Ne4 Rxf7 29. Nh4 Rxf1+ 30. Rxf1 Qxe4 31. Qxc5 Bd7 32. Rf7+ Kg8 
33. Re7 Be6 34. Qc1 Kf8 35. Rxb7 Bf7 36. Qh6+ Kg8 37. Qg5+ Kf8 38. hxg4 Re8 
39. Ra7 Re7 40. Ra6 Qe6 41. Kh2 Be8 42. Rxa5 Kf7 43. Qh5+ Kf6 44. Qh8+ Kf7 
45. Nf5 Qe5+ 46. Qxe5 Rxe5 47. a4 Re1 48. Ra7+ Kf6 49. a5 Ra1 50. Kg3 Bg6 
51. Nh4 Bd3 52. Kf4 Ke6 53. g5 Rh1 54. Nf3 Kd6 55. b4 d4 56. Nxd4 Rb1 
57. Rb7 Rf1+ 58. Ke3 Rd1 59. Rf7 Bc4 60. Rf6+ Kd5 61. Nf3 c5 62. Rf5+ Kd6 
63. Rxc5 Bd3 64. Nd2 Bc2 65. Rxc2 Ke6 66. g6 Kf6 67. Rc6+ Kg7 68. Nf3 Kf8 
69. Nd4 Rg1 70. a6 Re1+ 71. Kf4 Ke7 72. g7 Kf7 73. Rc7+ Kf6 74. g8=Q Re4+ 
75. Kf3 Rf4+ 76. Kg3 Rxd4 77. Qf7+ Kg5 78. Rc5+ Rd5 79. Rxd5+ Kh6 80. Rh5# 1-0

[Event "Thursday 26 April Rapid Engine Tour 12+1 Rounds 9 Starts 1600ST"]
[Site "Infinity Chess"]
[Date "2018.4.26"]
[Round "5"]
[White "HerzsjeMZ"]
[Black "Vimtiroba"]
[Result "1-0"]
[ECO "C50"]
[WhiteElo "2438"]
[BlackElo "2457"]
[WhiteEngine "BrainFish_180423_x64_modern"]
[BlackEngine "AsmFish A25_CTG"]
[EventType "Swiss"]
[WhiteTeam ""]
[BlackTeam ""]
[PlyCount "142"]
[TimeControl "720+1"]

1. e4 e5 2. Nf3 Nc6 3. Bc4 Bc5 4. O-O Nf6 5. d3 a5 6. c3 d6 7. h3 O-O 8. Re1 h6 
9. Bb3 Ba7 10. Nbd2 Be6 11. Ba4 Rb8 12. Nf1 b5 13. Bc2 d5 14. exd5 Nxd5 
15. Ng3 Re8 16. Bd2 Qd6 17. Nh4 Qc5 18. Rf1 Nf6 19. Be3 Qf8 20. Nhf5 a4 
21. Bxa7 Nxa7 22. d4 Bxf5 23. Nxf5 g6 24. dxe5 Rxe5 25. Qd4 Qc5 26. Nxh6+ Kg7 
27. Qxc5 Rxc5 28. Ng4 Nxg4 29. hxg4 Nc6 30. Rfd1 a3 31. bxa3 Ra8 32. Rd3 Rxa3 
33. Bb3 Na5 34. Rb1 c6 35. Kh2 Rg5 36. Kg3 c5 37. Bxf7 Kxf7 38. Re1 c4 
39. Rd7+ Kf8 40. Rh1 Kg8 41. Re1 Kf8 42. Rh1 Kg8 43. Rh6 Rc5 44. Rxg6+ Kf8 
45. Rh6 Kg8 46. Rg6+ Kf8 47. f3 Rc8 48. Rf6+ Kg8 49. Rg6+ Kf8 50. Rdg7 Rc6 
51. Rg8+ Ke7 52. R6g7+ Kd6 53. Ra8 Kc5 54. Rga7 Rxc3 55. Rxa5 Kb4 56. a4 bxa4 
57. Rxa4+ Kb3 58. g5 Rd3 59. Ra3+ Kc2 60. Rxd3 Kxd3 61. f4 c3 62. f5 Rc5 
63. Kg4 Rc4+ 64. Kh5 Rb4 65. Rc8 Rc4 66. Rxc4 Kxc4 67. g6 c2 68. g7 c1=Q 
69. g8=Q+ Kb4 70. Qg4+ Kb3 71. f6 Qc5+ 1-0

[Event "Thursday 26 April Rapid Engine Tour 12+1 Rounds 9 Starts 1600ST"]
[Site "Infinity Chess"]
[Date "2018.4.26"]
[Round "4"]
[White "IronMan"]
[Black "ludimilojko"]
[Result "1-0"]
[ECO "A46"]
[WhiteElo "2397"]
[BlackElo "2278"]
[WhiteEngine "Eman 170b23-EXP4"]
[BlackEngine "Raubfisch X38b_CTG"]
[EventType "Swiss"]
[WhiteTeam ""]
[BlackTeam ""]
[PlyCount "49"]
[TimeControl "720+1"]

1. d4 Nf6 2. Nf3 e6 3. c4 d5 4. Nc3 c6 5. e3 Nbd7 6. Qc2 Bd6 7. Bd3 dxc4 
8. Bxc4 O-O 9. O-O b5 10. Bd3 Bb7 11. a3 Qe7 12. e4 e5 13. Bg5 h6 14. Bh4 Rad8 
15. Rad1 g5 16. Bg3 Nh5 17. Ne2 Qf6 18. b4 a6 19. Qc1 Nf4 20. Bxf4 gxf4 
21. Bc2 Rfe8 22. g3 exd4 23. Nfxd4 f3 24. Nf4 c5 25. Nf5 1-0

[Event "Thursday 26 April Rapid Engine Tour 12+1 Rounds 9 Starts 1600ST"]
[Site "Infinity Chess"]
[Date "2018.4.26"]
[Round "4"]
[White "coreoptimist"]
[Black "MarioDeMonti"]
[Result "1/2-1/2"]
[ECO "C55"]
[WhiteElo "2330"]
[BlackElo "2424"]
[WhiteEngine "asmFishW_2018-04-11_bmi2_CTG"]
[BlackEngine "stockfish_x64_bmi2_2018_02_18_CTG"]
[EventType "Swiss"]
[WhiteTeam ""]
[BlackTeam ""]
[PlyCount "131"]
[TimeControl "720+1"]

1. e4 e5 2. Nf3 Nc6 3. Bc4 Nf6 4. d3 Bc5 5. O-O d6 6. c3 O-O 7. Bg5 h6 8. Bh4 a6 
9. a4 g5 10. Bg3 Bg4 11. h3 Bc8 12. d4 Ba7 13. Re1 exd4 14. Nxd4 Bd7 
15. Nxc6 Bxc6 16. Nd2 Nd7 17. Nf3 Re8 18. Bd5 Qf6 19. Bxc6 bxc6 20. Nd4 c5 
21. Nf5 c4 22. Qd5 Nc5 23. Qxc4 Qe6 24. Qxe6 Rxe6 25. e5 Nb3 26. Rad1 Rae8 
27. Re4 dxe5 28. Rd5 Kh7 29. Rdxe5 Nc5 30. Rxe6 fxe6 31. Re2 Nxa4 32. Nd4 Bb6 
33. Nc6 a5 34. Kh2 Nc5 35. Ne5 Rd8 36. h4 gxh4 37. Bxh4 Rd1 38. Kh3 Kg7 
39. Kg4 a4 40. Bg3 Nd3 41. Nxd3 Rxd3 42. Bf4 Kf7 43. Kh5 a3 44. bxa3 Rxc3 
45. Ra2 Bd4 46. Bxh6 Rc5+ 47. Bg5 e5 48. a4 Ra5 49. Bd8 Ra7 50. a5 c5 51. Bg5 c4 
52. Bc1 c3 53. f3 Kf6 54. Kg4 Rg7+ 55. Kh3 Rh7+ 56. Kg4 Rg7+ 57. Kh3 Rh7+ 
58. Kg3 Rg7+ 59. Kh4 Rh7+ 60. Kg3 Kf5 61. a6 c2 62. Rxc2 Rg7+ 63. Kh4 Rh7+ 
64. Kg3 Rg7+ 65. Kh2 Rh7+ 66. Kg3 1/2-1/2

[Event "Thursday 26 April Rapid Engine Tour 12+1 Rounds 9 Starts 1600ST"]
[Site "Infinity Chess"]
[Date "2018.4.26"]
[Round "4"]
[White "MedusaV2"]
[Black "NINJA_JENGKA"]
[Result "1/2-1/2"]
[ECO "C50"]
[WhiteElo "2382"]
[BlackElo "2413"]
[WhiteEngine "Eman 1.70-beta23 64-bit POPCNT"]
[BlackEngine "Houdini 6"]
[EventType "Swiss"]
[WhiteTeam ""]
[BlackTeam ""]
[PlyCount "115"]
[TimeControl "720+1"]

1. e4 e5 2. Nf3 Nc6 3. Bc4 Bc5 4. O-O Nf6 5. d3 d6 6. c3 O-O 7. h3 a5 8. Bb3 h6 
9. Re1 Re8 10. Nbd2 Be6 11. Ba4 Qb8 12. d4 b5 13. dxc5 bxa4 14. Qxa4 Ne7 
15. cxd6 cxd6 16. Nh4 Qc8 17. Nf1 g5 18. Nf3 Ng6 19. N3h2 Nf4 20. Ne3 Kh7 
21. Qd1 Rd8 22. Neg4 Nxg4 23. Nxg4 Kg7 24. Qf3 Qc6 25. Ne3 f5 26. Nxf5+ Bxf5 
27. Bxf4 gxf4 28. exf5 Qxf3 29. gxf3 Kf6 30. Kf1 Kxf5 31. b3 d5 32. Ke2 a4 
33. b4 Rac8 34. Rac1 Rc4 35. a3 Rg8 36. Rc2 Rgc8 37. Rec1 e4 38. h4 Ke5 
39. h5 R8c7 40. Kd2 exf3 41. Rg1 d4 42. cxd4+ Rxd4+ 43. Kc1 Rxc2+ 44. Kxc2 Rc4+ 
45. Kd2 Rd4+ 46. Kc2 Rc4+ 47. Kb2 Rd4 48. Re1+ Kd5 49. Rc1 Rd2+ 50. Rc2 Re2 
51. Kc3 Ke4 52. Rd2 Re3+ 53. fxe3 fxe3 54. Rd4+ Ke5 55. Rd3 Ke4 56. Rd4+ Ke5 
57. Rd3 Ke4 58. Rd4+ 1/2-1/2

[Event "Thursday 26 April Rapid Engine Tour 12+1 Rounds 9 Starts 1600ST"]
[Site "Infinity Chess"]
[Date "2018.4.26"]
[Round "4"]
[White "HerzsjeMZ"]
[Black "angriff"]
[Result "1-0 "]
[ECO "C50"]
[WhiteElo "2423"]
[BlackElo "2410"]
[WhiteEngine "BrainFish_180423_x64_modern"]
[BlackEngine "DracoREX 3.07 64BIT POPCNT_CTG"]
[EventType "Swiss"]
[WhiteTeam ""]
[BlackTeam ""]
[PlyCount "318"]
[TimeControl "720+1"]

1. e4 e5 2. Nf3 Nc6 3. Bc4 Bc5 4. O-O Nf6 5. d3 d6 6. c3 O-O 7. h3 a5 8. Re1 h6 
9. Bb3 Re8 10. Nbd2 b5 11. a4 b4 12. Nf1 Bb6 13. Bc4 Ba6 14. Ba2 Rb8 15. Ng3 d5 
16. exd5 Nxd5 17. Qb3 bxc3 18. Qxd5 Qxd5 19. Bxd5 Nb4 20. Be4 Nc2 21. Ra2 Nxe1 
22. Nxe1 Bd4 23. bxc3 Bxc3 24. Kf1 Red8 25. Nf5 Rb4 26. f3 Rb1 27. Rc2 Bxe1 
28. Kxe1 Bxd3 29. Bxd3 Rxd3 30. Ke2 Rdb3 31. Bd2 e4 32. fxe4 Ra1 33. Bxa5 Rxa4 
34. Bxc7 Rxe4+ 35. Kf2 Reb4 36. Be5 Rb5 37. Ne7+ Kh7 38. Bd4 Ra5 39. Nc6 Ra4 
40. Be3 Re4 41. Bd4 Rd3 42. Bc5 f6 43. Nb4 Rf4+ 44. Kg1 Rd1+ 45. Kh2 h5 
46. g3 Re4 47. Kg2 g5 48. Na6 Ra4 49. Nb4 Kg7 50. Kf3 Ra3+ 51. Kg2 Rb3 52. h4 g4 
53. Nc6 Rbd3 54. Kf2 Rf3+ 55. Kg2 Rdd3 56. Bf2 Kf7 57. Nb4 Rd8 58. Re2 Rd1 
59. Nc2 Rf5 60. Ne1 Rfd5 61. Nc2 Kg6 62. Ne3 R5d2 63. Nxd1 Rxe2 64. Ne3 Rd2 
65. Nc4 Rd7 66. Be3 Kf5 67. Kf2 Rc7 68. Nd6+ Ke6 69. Bf4 f5 70. Ke3 Rc5 
71. Ne8 Ra5 72. Kd4 Ke7 73. Nc7 Kd7 74. Nd5 Ke6 75. Nc3 Ra6 76. Nb5 Ra2 
77. Kc4 Ra5 78. Nd4+ Kf6 79. Nc2 Ke7 80. Nb4 Ra4 81. Kd5 Ra5+ 82. Kc6 Ke6 
83. Kb6 Ra4 84. Kc5 Ra8 85. Kd4 Ra4 86. Kc5 Ra5+ 87. Kb6 Ra4 88. Kb5 Ra8 
89. Kc4 Rc8+ 90. Kd4 Rd8+ 91. Kc3 Ra8 92. Kd4 Rd8+ 93. Kc4 Rc8+ 94. Kd3 Rd8+ 
95. Ke2 Rc8 96. Na6 Ke7 97. Nb4 Ke6 98. Na6 Kd5 99. Kd3 Rd8 100. Nc7+ Kc6+ 
101. Kc4 Rd1 102. Ne8 Kd7 103. Nf6+ Ke6 104. Nxh5 Kf7 105. Bg5 Rg1 106. Kd3 Rg2 
107. Ke3 Rg1 108. Kf2 Ra1 109. Nf4 Ra3 110. h5 Ra2+ 111. Ke3 Ra3+ 112. Nd3 Ra1 
113. Ne5+ Ke6 114. Ng6 Ra3+ 115. Kf2 Ra2+ 116. Ke1 Ra1+ 117. Ke2 Ra2+ 
118. Kd1 Rh2 119. h6 Kf7 120. Nh4 Ra2 121. Bd2 Ra1+ 122. Ke2 Ra3 123. Nxf5 Kg6 
124. Nh4+ Kh7 125. Bf4 Ra2+ 126. Kd3 Ra7 127. Ke4 Rf7 128. Ke5 Rf8 129. Nf5 Kg6 
130. Ne3 Re8+ 131. Kd5 Rh8 132. Nxg4 Rd8+ 133. Ke4 Ra8 134. h7 Ra4+ 
135. Kf3 Ra3+ 136. Be3 Kg7 137. h8=Q+ Kxh8 138. Ke4 Kg7 139. Bf4 Rb3 
140. Kf5 Rf3 141. Nf6 Kf7 142. Ne4 Rb3 143. g4 Kf8 144. g5 Rb1 145. Bd6+ Kg7 
146. Ng3 Rb6 147. Nh5+ Kg8 148. Nf6+ Kh8 149. Be5 Ra6 150. g6 Kg7 151. Ng4+ Kf8 
152. Nh6 Ra7 153. Kg5 Ke8 154. g7 Rxg7+ 155. Bxg7 Kd7 156. Kf4 Kd6 157. Ke4 Kc6 
158. Be5 Kc5 159. Nf5 Kc6 1-0

[Event "Thursday 26 April Rapid Engine Tour 12+1 Rounds 9 Starts 1600ST"]
[Site "Infinity Chess"]
[Date "2018.4.26"]
[Round "4"]
[White "SkyPilot"]
[Black "ocirema"]
[Result "1/2-1/2"]
[ECO "C55"]
[WhiteElo "2449"]
[BlackElo "2443"]
[WhiteEngine "stockfish_x64_bmi2_2018_04_07_CTG"]
[BlackEngine "asmFishW_2018-04-24_popcnt"]
[EventType "Swiss"]
[WhiteTeam ""]
[BlackTeam ""]
[PlyCount "121"]
[TimeControl "720+1"]

1. e4 e5 2. Nf3 Nc6 3. Bc4 Nf6 4. d3 Bc5 5. c3 d6 6. O-O a5 7. Re1 Ba7 
8. Nbd2 O-O 9. h3 Be6 10. Bb5 Ne7 11. d4 Ng6 12. Ba4 Nh5 13. Nf1 exd4 
14. cxd4 Nhf4 15. Bc2 d5 16. Bxf4 Nxf4 17. e5 f6 18. Qd2 fxe5 19. Rxe5 Bd7 
20. Rae1 c6 21. N1h2 Bb8 22. R5e3 a4 23. Ne5 Bc7 24. Qd1 Ba5 25. Rf1 Bc7 
26. Nxd7 Qxd7 27. Nf3 b5 28. Ne5 Bxe5 29. Rxe5 Rf6 30. Qg4 Qxg4 31. hxg4 Re6 
32. Rfe1 Kf7 33. Bxh7 Rxe5 34. Rxe5 Ne6 35. Bg6+ Kf6 36. g5+ Nxg5 37. Be8 Rc8 
38. Bd7 Rc7 39. Bg4 Ne4 40. f3 Nd2 41. Re6+ Kf7 42. f4 Nc4 43. f5 Nxb2 
44. Bh5+ Kg8 45. g4 Rc8 46. g5 Nd3 47. f6 gxf6 48. gxf6 Rf8 49. Rxc6 Nb4 
50. f7+ Kg7 51. Rc5 Nxa2 52. Rxb5 Nc3 53. Ra5 Kh6 54. Bf3 Rxf7 55. Kf2 Rd7 
56. Ke3 Rf7 57. Bxd5 Nxd5+ 58. Rxd5 Ra7 59. Rc5 Re7+ 60. Kd3 a3 61. Ra5 1/2-1/2

[Event "Thursday 26 April Rapid Engine Tour 12+1 Rounds 9 Starts 1600ST"]
[Site "Infinity Chess"]
[Date "2018.4.26"]
[Round "4"]
[White "star99"]
[Black "hafaba"]
[Result "1/2-1/2"]
[ECO "C77"]
[WhiteElo "2461"]
[BlackElo "2434"]
[WhiteEngine "Cryptic Heroes 9.4B"]
[BlackEngine "Eman 1.70-beta21 64-bit POPCNT_CTG"]
[EventType "Swiss"]
[WhiteTeam ""]
[BlackTeam ""]
[PlyCount "170"]
[TimeControl "720+1"]

1. e4 e5 2. Nf3 Nc6 3. Bb5 a6 4. Ba4 Nf6 5. d3 d6 6. c3 g6 7. Be3 Bg7 
8. Nbd2 O-O 9. O-O h6 10. h3 Re8 11. Re1 Bd7 12. Bb3 Na5 13. Bc2 c5 14. a3 Nc6 
15. Nf1 Be6 16. Ng3 Nd7 17. b4 b5 18. h4 Bg4 19. h5 f5 20. exf5 gxf5 21. d4 exd4 
22. cxd4 cxd4 23. Bf4 Nde5 24. Bxf5 Nxf3+ 25. gxf3 Bxf5 26. Qb3+ Kh8 
27. Nxf5 Qf6 28. Nxg7 Rxe1+ 29. Rxe1 Qxf4 30. Qd5 Rf8 31. Qxc6 Kxg7 32. Qd5 Rf5 
33. Qb7+ Rf7 34. Qd5 Qxf3 35. Qxd4+ Rf6 36. Re6 Kf7 37. Rxf6+ Qxf6 38. Qe3 Qe6 
39. Qf3+ Ke7 40. Kg2 Qg8+ 41. Kh1 Qg5 42. Qe4+ Kf6 43. Qd4+ Qe5 44. Qg4 Qd5+ 
45. f3 Qf5 46. Qh4+ Ke6 47. Kg2 Kd7 48. Kf2 Qe5 49. Qg4+ Kc6 50. Kf1 Qe3 
51. Kg2 Kc7 52. Qg7+ Kc6 53. Qg4 Qe2+ 54. Kh3 Qf1+ 55. Kg3 Qe1+ 56. Kh3 Qe2 
57. Kg3 Qe1+ 58. Kg2 Qe3 59. Kf1 Qd3+ 60. Kf2 Qxa3 61. Qc8+ Kb6 62. Qb8+ Kc6 
63. Qa8+ Kb6 64. Qb8+ Kc6 65. Qa8+ Kd7 66. Qb7+ Ke6 67. Qc8+ Kd5 68. Qb7+ Kc4 
69. Qe4+ Kc3 70. Qe1+ Kc4 71. Qe6+ d5 72. Qxh6 Qb2+ 73. Kg3 d4 74. Qxa6 d3 
75. Qc6+ Kb3 76. Qd5+ Kc2 77. Qc6+ Kd1 78. h6 Qxb4 79. h7 Qd4 80. Qh6 Qh8 
81. f4 d2 82. Qh5+ Kc2 83. Qc5+ Kd1 84. Qxb5 Qxh7 85. Qf1+ Kc2 1/2-1/2

[Event "Thursday 26 April Rapid Engine Tour 12+1 Rounds 9 Starts 1600ST"]
[Site "Infinity Chess"]
[Date "2018.4.26"]
[Round "4"]
[White "Vimtiroba"]
[Black "Harry_Potter"]
[Result "1/2-1/2"]
[ECO "A20"]
[WhiteElo "2455"]
[BlackElo "2496"]
[WhiteEngine "AsmFish A25_CTG"]
[BlackEngine "Stockfish_x64_bmi2_CTG"]
[EventType "Swiss"]
[WhiteTeam ""]
[BlackTeam ""]
[PlyCount "151"]
[TimeControl "720+1"]

1. c4 e5 2. Nf3 e4 3. Nd4 Nc6 4. e3 Nf6 5. Nc3 Bb4 6. Qb3 Bc5 7. Nde2 O-O 
8. Ng3 Re8 9. a3 Bd6 10. Qc2 Bxg3 11. hxg3 d6 12. d4 Bf5 13. Qb3 Bd7 14. Be2 a5 
15. Qd1 h6 16. b3 d5 17. g4 dxc4 18. bxc4 a4 19. g5 hxg5 20. Kf1 Na5 21. Rb1 Nb3 
22. Bb2 Qe7 23. Kg1 Qe6 24. Qc2 Rac8 25. Rd1 Qf5 26. Rf1 g4 27. Bd1 Na5 
28. Be2 Nb3 29. Rh4 g5 30. Rh6 Kg7 31. Rxf6 Qxf6 32. Nxe4 Qg6 33. f3 g3 
34. d5+ Kf8 35. Qc3 Rxe4 36. fxe4 Qh6 37. Qh8+ Qxh8 38. Bxh8 Nd2 39. Rf6 Nxe4 
40. Rh6 Ke7 41. Be5 Bf5 42. Bd3 Nd6 43. Be2 Bg6 44. Bxg3 Kf6 45. Rh2 Bc2 
46. Rh6+ Kg7 47. Rh1 Bb3 48. c5 Ne4 49. Be5+ f6 50. Bg4 Rd8 51. Bd4 Kg6 
52. Bh5+ Kg7 53. Bg4 Rxd5 54. Bf3 Bc2 55. Kh2 Kg6 56. g4 f5 57. Kg1 f4 
58. Rh2 Bd3 59. Rh8 fxe3 60. Bxe3 c6 61. Kg2 Rd7 62. Rg8+ Kh6 63. Rh8+ Kg7 
64. Re8 Nf6 65. Ra8 Kg6 66. Rxa4 Re7 67. Kf2 Be4 68. Be2 Rf7 69. Ke1 Bd5 
70. Bd3+ Kh6 71. Rb4 Be6 72. Be2 Kg6 73. Bd3+ Kh6 74. Be2 Rd7 75. Kf2 Rf7 
76. Ke1 1/2-1/2

[Event "Thursday 26 April Rapid Engine Tour 12+1 Rounds 9 Starts 1600ST"]
[Site "Infinity Chess"]
[Date "2018.4.26"]
[Round "3"]
[White "ludimilojko"]
[Black "MarioDeMonti"]
[Result "1/2-1/2"]
[ECO "C77"]
[WhiteElo "2272"]
[BlackElo "2430"]
[WhiteEngine "Raubfisch X38b_CTG"]
[BlackEngine "stockfish_x64_bmi2_2018_02_18_CTG"]
[EventType "Swiss"]
[WhiteTeam ""]
[BlackTeam ""]
[PlyCount "130"]
[TimeControl "720+1"]

1. e4 e5 2. Nf3 Nc6 3. Bb5 a6 4. Ba4 Nf6 5. O-O Be7 6. Re1 b5 7. Bb3 O-O 
8. c3 d5 9. exd5 Nxd5 10. Nxe5 Nxe5 11. Rxe5 c6 12. d4 Bd6 13. Re1 Qh4 
14. g3 Qh3 15. Be3 Bg4 16. Qd3 Rae8 17. Nd2 Re6 18. a4 Qh5 19. axb5 axb5 
20. Nf1 Bf5 21. Qd2 Bh3 22. Bd1 Qg6 23. Bf3 Qf5 24. Qd1 h5 25. Ra6 Bc7 
26. Bh1 Rfe8 27. Qf3 Qg6 28. Rxc6 Rxc6 29. Qxd5 Rb6 30. Bf3 h4 31. Bh5 Qe6 
32. Qxe6 Bxe6 33. Ra1 Bd5 34. Be2 hxg3 35. hxg3 Ra8 36. Rxa8+ Bxa8 37. Nd2 Rb8 
38. Kf1 g6 39. b3 f5 40. Bd3 Kf7 41. c4 bxc4 42. bxc4 Rb2 43. Ke2 Ba5 44. d5 Bb7 
45. Kd1 Bc3 46. Be2 Ke7 47. g4 Bxd2 48. Bxd2 Ra2 49. gxf5 gxf5 50. Bg5+ Kd6 
51. Bf4+ Kd7 52. Be5 Kd8 53. Bf6+ Kc7 54. Be5+ Kd8 55. Bd3 Rxf2 56. Bd4 Rf4 
57. Bf6+ Kd7 58. Be5 Rh4 59. Bxf5+ Ke8 60. Bg6+ Kd7 61. Bf5+ Ke8 62. Bg6+ Kd7 
63. Bd3 Bxd5 64. cxd5 Rh5 65. Bf4 Rxd5 1/2-1/2

[Event "Thursday 26 April Rapid Engine Tour 12+1 Rounds 9 Starts 1600ST"]
[Site "Infinity Chess"]
[Date "2018.4.26"]
[Round "3"]
[White "SkyPilot"]
[Black "IronMan"]
[Result "1-0"]
[ECO "C55"]
[WhiteElo "2434"]
[BlackElo "2412"]
[WhiteEngine "stockfish_x64_bmi2_2018_04_07_CTG"]
[BlackEngine "Eman 170b23-EXP4"]
[EventType "Swiss"]
[WhiteTeam ""]
[BlackTeam ""]
[PlyCount "161"]
[TimeControl "720+1"]

1. e4 e5 2. Nf3 Nc6 3. Bc4 Nf6 4. d3 Bc5 5. c3 O-O 6. O-O d6 7. h3 a5 
8. Nbd2 Be6 9. Bb5 Qc8 10. Re1 Bxh3 11. gxh3 Qxh3 12. Nf1 Na7 13. Ba4 b5 
14. Bc2 Qg4+ 15. Kh1 Qh3+ 16. N3h2 Bxf2 17. Re2 Ng4 18. Rd2 h5 19. Qf3 Qxf3+ 
20. Nxf3 a4 21. d4 exd4 22. cxd4 c5 23. Kg2 Be3 24. Nxe3 Nxe3+ 25. Kf2 Ng4+ 
26. Kg3 Nc6 27. Rd1 Rfd8 28. d5 Nce5 29. Nxe5 Nxe5 30. Rf1 g6 31. Bd2 Rd7 
32. Bc3 Re8 33. Rf4 Rc7 34. Rf6 Rd7 35. a3 Ng4 36. Rf4 Ne5 37. Raf1 Rc7 
38. Rf6 Nc4 39. e5 Nxe5 40. Rxd6 Rce7 41. Re1 Kf8 42. Ra6 Nc4 43. Rxe7 Kxe7 
44. Kf4 Kd7 45. Ra7+ Kd6 46. Rxf7 g5+ 47. Kxg5 Kxd5 48. Rf5+ Kc6 49. Bd1 h4 
50. Bf3+ Kb6 51. Rf6+ Ka7 52. Bc6 Re3 53. Bxb5 Nxa3 54. Bxa4 Rh3 55. Rf4 Kb6 
56. Be1 Rh1 57. Bf2 h3 58. Rf6+ Ka5 59. Bc6 Rc1 60. Be3 Ra1 61. Bxc5 Nb5 
62. Rf8 Nc7 63. b4+ Ka6 64. Rc8 Ne6+ 65. Kh4 Nxc5 66. bxc5 Ka5 67. Ra8+ Kb4 
68. Rxa1 Kxc5 69. Rc1+ Kb4 70. Kxh3 Kb3 71. Bd5+ Kb2 72. Rc6 Ka1 73. Kg3 Kb2 
74. Kg4 Kb1 75. Kf3 Ka1 76. Ke2 Kb2 77. Kd2 Kb1 78. Rb6+ Ka1 79. Be4 Ka2 
80. Kc3 Ka1 81. Ra6# 1-0